 Dungeon Crawl Stone Soup version 0.24-a0-275-g6f7e2cb (webtiles) character file.

Game seed: 12569981777523251906

47 Inarius the Ducker (level 3, -7/36 HPs)
             Began as a Troll Fighter on Apr 28, 2019.
             Mangled by a gnoll
             ... wielding a +0 halberd
              (12 damage)
             ... on level 2 of the Dungeon.
             The game lasted 00:01:36 (933 turns).

Inarius the Ducker (Troll Fighter)                   Turns: 933, Time: 00:01:36

Health: -7/36      AC:  7    Str: 25    XL:     3   Next: 48%
Magic:  2/2        EV:  8    Int:  4    God:
Gold:   127        SH:  9    Dex:  9    Spells: 2/2 levels left

rFire    . . .     SeeInvis .   a - +0 war axe
rCold    . . .     Gourm    +   c - +0 shield
rNeg     . . .     Faith    .   b - +0 robe
rPois    .         Spirit   .   (helmet restricted)
rElec    .         Reflect  .   j - +0 cloak
rCorr    .         Harm     .   (gloves unavailable)
MR       .....                  (boots unavailable)
Stlth    +.........             (no amulet)
HPRegen  0.52/turn              (no ring)
MPRegen  0.08/turn              (no ring)

@: no status effects
A: large, unfitting armour, claws 3, fast metabolism 3, gourmand, regeneration
1, shaggy fur 1, tough skin 3
a: no special abilities


You were on level 2 of the Dungeon.
You were full.

You visited 1 branch of the dungeon, and saw 2 of its levels.

You collected 127 gold pieces.

Inventory:

Hand Weapons
 a - a +0 war axe (weapon)
Armour
 b - a +0 robe (worn)
 c - a +0 shield (worn)
 j - a +0 cloak (worn)
Scrolls
 e - a scroll of identify {unknown}
 g - 3 scrolls of teleportation {unknown}
 h - a scroll of remove curse {unknown}
 l - a scroll of magic mapping {unknown}
Potions
 d - 2 potions of might
 i - 3 potions of brilliance {unknown}
Comestibles
 f - 2 rations


   Skills:
 + Level 2.6 Fighting
 * Level 2.2 Axes
 + Level 2.8 Dodging
 + Level 0.1 Stealth
 + Level 2.7 Shields


You had 2 spell levels left.
You didn't know any spells.
Your spell library was empty.

Dungeon Overview and Level Annotations

Branches:
Dungeon (2/15)

Altars:
Ashenzari
Zin


Innate Abilities, Weirdness & Mutations

You are too large for most types of armour.
You have claws for hands.
Your metabolism is lightning-fast.
You like to eat raw meat.
Your natural rate of healing is unusually fast.
You are covered in fur. (AC +1)
You have extremely tough skin. (AC +3)


Message History

You kill the gnoll!
The gnoll closely misses you.
You closely miss the gnoll. You block the gnoll's attack.
The gnoll completely misses you. You block the gnoll's attack.
The gnoll closely misses you.
You closely miss the gnoll. The gnoll hits you.
The gnoll hits you from afar with a +0 spear.
The gnoll closely misses you. You block the gnoll's attack.
The gnoll hits you from afar with a +0 spear.
You barely miss the gnoll. The gnoll hits you but does no damage.
You block the gnoll's attack. The gnoll barely misses you.
You hit the gnoll but do no damage. The gnoll hits you.
You block the gnoll's attack. x2; The gnoll hits you!
The gnoll hits you from afar with a +0 spear.
You completely miss the gnoll.
The gnoll hits you from afar with a +0 halberd!
* * * LOW HITPOINT WARNING * * *
You block the gnoll's attack. x2
The gnoll hits you from afar with a +0 halberd!
You die...

.................#
..(.(............#
.................#
...............####
.<...........>.#
...###...#......#
####.# ######gg.###
##... ##g## .#.###+###
#@# .........# #.#
.#.......# #.#
....<....## +#.#+
##..[.....#####...####
#######.........⌠......
# #...#####..(##### #
#..## +#.#+ # #### #.#


You could see 3 gnolls.

Vanquished Creatures
  A gnoll (D:2)
  An adder (D:2)
  2 worms
  3 giant cockroaches (D:1)
  2 hobgoblins
  4 jackals (D:1)
  2 kobolds (D:1)
  2 bats
  A frilled lizard (D:1)
  A goblin (D:1)
  3 rats
22 creatures vanquished.

Notes
Turn   | Place    | Note
-------+----------+-------------------------------------------
     0 | D:1      | Inarius the Troll Fighter began the quest for the Orb.
     0 | D:1      | Reached XP level 1. HP: 22/22 MP: 0/0
   121 | D:1      | You fall through a shaft!
   123 | D:2      | Found a shattered altar of Ashenzari.
   125 | D:2      | Reached XP level 2. HP: 24/29 MP: 1/1
   145 | D:2      | Found a glowing silver altar of Zin.
   819 | D:1      | Reached XP level 3. HP: 36/36 MP: 2/2
   933 | D:2      | Mangled by a gnoll

Levels and vault maps discovered:
D:1:      evilmike_arrival_run_for_it, layout_basic
D:2:      layout_basic, grunt_temple_overflow_cloverleaf,
          grunt_temple_overflow_open, first_ration,
          nicolae_qazlal_style_of_elements

Skill      XL: |  1  2 |
---------------+-------+-----
Axes           | 2 |  2.2
Fighting       | |  2.6
Dodging        | |  2.8
Stealth        | |  0.1
Shields        | |  2.7

Action                   || total
-------------------------++-------
Melee: War axe           ||    63
Throw: Tomahawk          ||     2
 Stab: Sleeping          ||     1
  Eat: Chunk             ||    10
Armor: Robe              ||    17
Dodge: Dodged            ||    35
Block: Shield            ||    45

Table legend:
 A = Non-vault XP
 B = Vault XP
 C = Vault XP percentage of total XP
 D = Non-vault monster count
 E = Vault monster count
 F = Vault count percentage of total count
                 A         B        C        D         E       F
            +---------+---------+-------+---------+---------+-------
      Total |      63 |       5 |   7.4 |      21 |       1 |   4.5
            +---------+---------+-------+---------+---------+-------
        D:1 |      25 |       5 |  16.7 |      15 |       1 |   6.2
        D:2 |      38 |       0 |   0.0 |       6 |       0 |   0.0
            +---------+---------+-------+---------+---------+-------
